 Dungeon Crawl Stone Soup version 0.28.0-53-g5a82cb258f (webtiles) character file.

Game seed: 13856320018146056017

81 Descartes the Grasshopper (level 4, -2/33 HPs)
             Began as a Formicid Warper on May 27, 2022.
             Slain by an orc
             ... wielding a +0 trident
              (7 damage)
             ... on level 3 of the Dungeon.
             The game lasted 00:03:07 (2577 turns).

Descartes the Grasshopper (Formicid Warper)         Turns: 2577, Time: 00:03:08

Health: -2/33      AC:  3    Str: 17    XL:     4   Next: 67%
Magic:  7/7        EV: 11    Int: 13    God:
Gold:   92         SH:  0    Dex: 10    Spells: 7/7 levels left

rFire   . . .      SeeInvis +   h - +2 whip (flame)
rCold   . . .      Faith    .   (no shield)
rNeg    . . .      Spirit   .   d - +0 leather armour of Ferocious Liberty {Fly}
rPois   .          Reflect  .   (helmet unavailable)
rElec   .          Harm     .   (no cloak)
rCorr   .          Rampage  .   (no gloves)
Will    .....                   (no boots)
Stlth   +.........              (no amulet)
HPRegen 0.11/turn               (no ring)
MPRegen 0.10/turn               (no ring)

@: flying
A: permanent stasis, dig shafts and tunnels, antennae 3, four strong arms
a: Dig, Shaft Self


You were on level 3 of the Dungeon.
You visited 1 branch of the dungeon, and saw 3 of its levels.

You collected 92 gold pieces.

Inventory:

Hand Weapons
 a - a +0 hand axe
 h - a +2 whip of flaming (weapon)
Missiles
 c - 5 boomerangs of dispersal (quivered)
 g - 67 stones
 k - 3 javelins
Armour
 d - the +0 leather armour of Ferocious Liberty (worn) {Fly}
   (You found it on level 1 of the Dungeon)

   Fly:       It grants you flight.
Wands
 o - a wand of digging (5)
Scrolls
 i - a scroll of fear {unknown}
 m - 2 scrolls of noise {unknown}
 n - 2 scrolls of identify {unknown}
 p - a scroll of teleportation {unknown}
Potions
 b - 2 potions of lignification {unknown}
 e - a potion of degeneration {unknown}
 f - a potion of curing {unknown}
 j - a potion of attraction {unknown}
 l - 2 potions of haste {unknown}


   Skills:
 - Level 2.1 Fighting
 + Level 2.6(2.8) Axes
 + Level 1.2(2.1) Maces & Flails
 - Level 1.0 Throwing
 + Level 2.2 Armour
 - Level 1.7 Dodging
 + Level 1.9 Shields
 - Level 2.1 Spellcasting
 + Level 3.1 Translocations


You had 7 spell levels left.
You didn't know any spells.
Your spell library contained the following spells:

 Spells                   Type           Power      Damage    Failure   Level
 Gell's Gravitas          Tloc           9%         N/A       24%         3
 Lesser Beckoning         Tloc           9%         N/A       24%         3
 Teleport Other           Tloc           9%         N/A       24%         3
 Manifold Assault         Tloc           9%         N/A       92%         5
 Blink                    Tloc           Unusable   N/A       N/A         2

Dungeon Overview and Level Annotations

Branches:
Dungeon (3/15)

Altars:
Makhleb
Okawaru
Qazlal
The Shining One


Innate Abilities, Weirdness & Mutations

You cannot be hasted, slowed, berserked, paralysed or teleported.
You can dig through walls and to a lower floor.
You have a pair of large antennae on your head. (SInv)
Your four strong arms can wield two-handed weapons with a shield.


Message History

2 orcs come into view.
The orc shouts! x2
An orc wizard comes into view. It is wielding a +0 dagger.
You hit the orc. You burn the orc.
The orc is severely wounded.
The kobold barely misses you. The orc barely misses you.
You hit the orc but do no damage.
The orc is severely wounded.
The orc wizard gestures wildly while chanting.
The orc wizard flickers and vanishes for a moment.
The kobold hits you but does no damage.
You whack the orc! You burn the orc.
You kill the orc!
The kobold closely misses you.
You whack the orc! You burn the orc.
You kill the orc!
The orc closely misses you. The kobold closely misses you.
You barely miss the kobold. The orc barely misses you.
The kobold hits you but does no damage.
You hit the kobold. You burn the kobold.
The kobold is heavily wounded.
The orc hits you but does no damage. The kobold completely misses you.
There are monsters nearby!
You barely miss the kobold.
The kobold is moderately wounded.
The orc hits you from afar with a +0 trident.
The kobold hits you with a +0 short sword.
You hit the orc wizard. You burn the orc wizard.
The orc wizard is moderately wounded.
The orc wizard barely misses you.
The orc hits you from afar with a +0 trident.
The kobold hits you with a +0 short sword.
You hit the orc wizard. You burn the orc wizard.
The orc wizard is almost dead.
The orc hits you from afar with a +0 trident.
* * * LOW HITPOINT WARNING * * *
The orc wizard hits you with a +0 dagger.
* * * LOW HITPOINT WARNING * * *
The orc hits you from afar with a +0 trident!
You die...

.........# ### ........# ..
....... #$# .... ..# ##.#####.###
#####.......... .
######.......##..####...
...>...#........)##.....
######.........)@Ko.....
...###.#.....#..)oo.....
##.#...#####..........##
.....#######...........#
##...##................#
#...###.####..)........#
#.......#.............##
..#...###...#......>.############
####..........###.#####..........


You could see an orc wizard (invisible), 2 orcs and a kobold.

Vanquished Creatures
  2 adders (D:2)
  A gnoll (D:3)
  2 worms (D:2)
  A dart slug (D:3)
  5 orcs (D:3)
  4 endoplasms
  6 goblins
  3 hobgoblins
  2 jackals (D:2)
  3 ball pythons
  6 bats
  2 frilled lizards
  4 kobolds
  3 rats
44 creatures vanquished.

Vanquished Creatures (others)
  5 plants (D:3)
5 creatures vanquished.

Grand Total: 49 creatures vanquished

Notes
Turn   | Place    | Note
-------+----------+-------------------------------------------
     0 | D:1      | Descartes the Formicid Warper began the quest for the Orb.
     0 | D:1      | Reached XP level 1. HP: 16/16 MP: 3/3
    75 | D:1      | Identified the +0 leather armour of Ferocious Liberty {Fly}
   517 | D:1      | Reached XP level 2. HP: 18/22 MP: 5/5
   847 | D:1      | Reached skill level 1 in Shields
  1125 | D:1      | Found a faded altar of an unknown god.
  1435 | D:2      | Reached skill level 3 in Translocations
  1435 | D:2      | Reached XP level 3. HP: 12/27 MP: 6/6
  1943 | D:2      | Reached XP level 4. HP: 22/33 MP: 7/7
  2115 | D:3      | Reached skill level 1 in Maces & Flails
  2424 | D:3      | Found a glowing golden altar of the Shining One.
  2426 | D:3      | Found an iron altar of Okawaru.
  2426 | D:3      | Found a burning altar of Makhleb.
  2438 | D:3      | Found a stormy altar of Qazlal.
  2577 | D:3      | Slain by an orc

Illustrated notes

Levels and vault maps discovered:
D:1:      scummos_arrival_gate, layout_basic, chequers_ecumenical_altar_grove,
          item_on_display_a
D:2:      layout_rooms, minmay_misc_feat_roman
D:3:      cheibrodos_old_hovel, layout_rooms, nicolae_overflow_quartered_altars

Skill      XL: |  1  2  3  4 |
---------------+-------------+-----
Shields        | 1 |  1.9
Translocations | 3 |  3.1
Armour         | 2 |  2.2
Maces & Flails | 1 |  1.2
Fighting       | |  2.1
Axes           | |  2.6
Throwing       | |  1.0
Dodging        | |  1.7
Spellcasting   | |  2.1

Action                   |  1- 3 |  4- 6 || total
-------------------------+-------+-------++-------
Melee: Hand axe          |    45 |       ||    45
       Punch             |     1 |       ||     1
       Whip              |    56 |    31 ||    87
 Abil: Dig               |     1 |       ||     1
Armor: Leather armour    |    30 |     6 ||    36
Dodge: Dodged            |    71 |    16 ||    87
